Map: 10000 Feet LE

Players

Kan

  • Race: Zerg Zerg
  • League: Diamond
  • Spawn Location: 5:00

A.I. 1 (Medium) - Winner!

  • Race: Terran Terran
  • Spawn Location: 11:00

VOD

Have the link to the VOD?

Description

Time

  • Played on: May 23, 2026, 3:10 p.m.
  • Length: 6:46
Show
View Real Time Build Order
Export as new Build Order

Kan Zerg 

Build Orders: Hatch First 

Get SALT Encoding   

  12  0:00  Drone  
  13  0:08  Drone  
  14  0:15  Extractor, Drone  
  15  0:22  Overlord  
  15  0:41  Drone  
  16  0:46  Hatchery  
  15  0:52  Drone  
  15  0:53  Drone  
  17  1:06  Extractor  
  17  1:07  Drone  
  17  1:12  Spawning Pool  
  17  1:16  Drone  
  17  1:19  Drone  
  18  1:27  Drone  
  19  1:39  Drone  
  20  1:50  Drone  
  21  2:00  Queen  
  21  2:01  Queen  
  23  2:02  Zergling x4  
  27  2:16  Drone, Overlord  
  27  2:21  Metabolic Boost  
  28  2:35  Drone  
  28  2:36  Drone x3  
  32  2:45  Drone x2  
  32  2:46  Hatchery  
  32  2:54  Overlord  
  32  2:56  Queen  
  34  3:00  Drone  
  34  3:04  Drone  
  36  3:14  Drone  
  36  3:15  Drone x2  
  36  3:17  Drone x2  
  36  3:18  Queen  
  43  3:28  Overlord  
  43  3:46  Queen  
  45  3:55  Drone  
  45  3:56  Drone x6  
  45  3:58  Overlord  
  45  3:59  Overlord  
  52  4:06  Zergling x2  
  53  4:19  Overlord x3  
  53  4:22  Overlord  
  53  4:28  Evolution Chamber  
  53  4:29  Spore Crawler  
  51  4:33  Drone x7  
  51  4:35  Lair  
  51  4:38  Queen  
  58  4:40  Spore Crawler  
  59  4:52  Extractor  
  59  4:53  Drone  
  59  4:57  Overlord  
  59  5:00  Overlord  
  59  5:03  Baneling Nest  
  59  5:04  Drone x8  
  66  5:18  Hatchery  
  65  5:21  Drone  
  65  5:23  Drone x2  
  65  5:25  Drone x4  
  73  5:28  Extractor, Drone x2  
  73  5:31  Drone  
  73  5:32  Drone  
  73  5:33  Extractor  
  74  5:43  Overlord x2  
  74  5:44  Infestation Pit  
  74  5:47  Drone, Spore Crawler  
  73  5:51  Drone  
  73  5:52  Drone  
  75  6:05  Overlord  
  75  6:07  Zergling x2  
  75  6:08  Zergling x10, Hatchery  
  80  6:20  Zergling x16  
  80  6:21  Zergling x6  
  91  6:26  Drone x2  
  91  6:28  Overseer  
  91  6:32  Overseer  
Show
View Real Time Build Order
Export as new Build Order

A.I. 1 (Medium) Terran - Winner!

Build Orders:  

Get SALT Encoding   

  12  0:00  SCV  
  13  0:13  SCV  
  14  0:18  Supply Depot  
  14  0:25  SCV  
  15  0:39  SCV  
  16  0:43  Barracks  
  16  0:51  SCV  
  17  1:04  SCV  
  18  1:17  Command Center  
  18  1:32  Orbital Command, Marine  
  19  1:37  Supply Depot  
  19  1:44  Refinery  
  19  1:50  Marine  
  20  1:58  SCV  
  20  1:59  Barracks  
  21  2:07  Refinery  
  21  2:10  SCV  
  22  2:18  Marine  
  22  2:22  SCV  
  24  2:29  Supply Depot  
  24  2:37  Barracks Tech Lab  
  24  2:39  SCV  
  25  2:50  SCV  
  26  2:54  SCV  
  26  2:56  Marauder  
  29  2:59  Barracks Tech Lab  
  29  3:05  Refinery  
  29  3:16  Factory  
  29  3:17  Marauder  
  31  3:26  Marauder  
  33  3:27  SCV  
  33  3:29  Refinery  
  33  3:31  Factory  
  34  3:41  Marine  
  35  3:51  SCV  
  35  3:54  SCV  
  37  3:56  Marine  
  37  3:59  Factory Tech Lab  
  38  4:03  SCV  
  38  4:06  Starport, SCV  
  40  4:11  Reaper  
  40  4:15  Factory Tech Lab  
  41  4:17  SCV  
  41  4:20  SCV  
  43  4:26  Marine  
  43  4:27  Supply Depot  
  43  4:30  SCV  
  45  4:32  SCV  
  46  4:42  SCV  
  46  4:43  Marine  
  46  4:45  Medivac  
  50  4:49  SCV  
  51  4:54  SCV  
  51  4:56  Reaper  
  51  4:58  Supply Depot  
  53  5:01  SCV  
  53  5:06  SCV  
  55  5:11  Marine  
  56  5:19  Medivac, SCV  
  59  5:22  Supply Depot  
  59  5:24  SCV  
  60  5:29  Marine  
  60  5:32  SCV  
  62  5:41  Marine  
  63  5:43  Engineering Bay, SCV  
  63  5:46  Supply Depot, SCV  
  65  5:51  Starport Tech Lab  
  65  5:55  SCV  
  65  5:57  Marauder  
  68  5:58  SCV  
  69  6:08  SCV  
  69  6:10  Missile Turret  
  69  6:11  SCV, Reaper  
  71  6:12  Raven  
  71  6:13  Supply Depot  
  71  6:14  Missile Turret  
  71  6:16  Missile Turret  
  71  6:17  Missile Turret  
  74  6:20  SCV  
  74  6:22  Sensor Tower  
  74  6:23  SCV  
  76  6:25  Armory  
  76  6:32  SCV, Barracks  
  78  6:39  Supply Depot  
  79  6:43  Bunker  
Tags
 
League
Diamond
Matchup
TvZ
Spawn Locations
Cross Positions
Add a new tag
Caveats
  • Supply blocks, unpowered buildings, or Contaminate may cause inaccurate times.
  • Supply counts are checked every 10 seconds.